 Dungeon Crawl Stone Soup version 0.22.0-38-g04b72b8 (webtiles) character file.

375 HaroldButt the Geomancer (level 6, -15/32 HPs)
             Began as a Gargoyle Earth Elementalist on Aug 25, 2018.
             Demolished by an ogre
             ... wielding a +0 giant club
              (24 damage)
             ... on level 4 of the Dungeon.
             The game lasted 00:11:03 (2275 turns).

HaroldButt the Geomancer (GrEE)                     Turns: 2275, Time: 00:11:04

Health: -15/32     AC:  7    Str: 11    XL:     6   Next: 72%
Magic:  6/9        EV: 17    Int: 18    God:
Gold:   83         SH:  0    Dex: 15    Spells: 3/9 levels left

rFire    . . .     SeeInvis .   g - +1 dagger (elec)
rCold    . . .     Gourm    .   (no shield)
rNeg     + . .     Faith    .   c - +0 robe
rPois    ∞         Spirit   .   n - +0 helmet
rElec    +         Reflect  .   (no cloak)
rCorr    +         Harm     .   (no gloves)
MR       .....                  (no boots)
Stlth    +++.......             (no amulet)
HPRegen  0.10/turn              (no ring)
MPRegen  0.11/turn              m - ring of resist corrosion

@: agile
A: negative energy resistance 1, electricity resistance, unbreathing,
petrification resistance, rot immunity, AC +4
a: no special abilities


You were on level 4 of the Dungeon.
You were not hungry.

You visited 1 branch of the dungeon, and saw 4 of its levels.

You collected 83 gold pieces.


Innate Abilities, Weirdness & Mutations

You are resistant to torment.
Your stone body is resilient. (AC +4)
You are immune to poison.
You resist negative energy. (rN+)
You are resistant to electric shocks. (rElec)
You can survive without breathing.
You are immune to petrification.
You are immune to rotting.


   Skills:
 - Level 1.5 Dodging
 - Level 2.1 Stealth
 - Level 2.0 Spellcasting
 + Level 2.9 Conjurations
 - Level 0.7 Transmutations
 - Level 8.1 Earth Magic


You had 3 spell levels left.
You knew the following spells:

 Your Spells              Type           Power        Failure   Level  Hunger
x - Stone Arrow           Conj/Erth      ###...       5%          3    ###....
z - Sandblast             Erth           ####..       1%          1    #......
N - Passwall              Tmut/Erth      ###.....     4%          2    ###....

Your spell library contained the following spells:

 Spells                   Type           Power        Failure   Level  Hunger
 Lee's Rapid Deconstruct  Erth           ####......   19%         5    ######.
 Petrify                  Tmut/Erth      ###.....     28%         4    #####..

Inventory:

Hand Weapons
 g - a +1 dagger of electrocution (weapon)
 j - a +0 dagger
Missiles
 b - 115 stones (quivered)
Armour
 c - a +0 robe (worn)
 n - a +0 helmet (worn)
Jewellery
 m - a ring of resist corrosion (right hand)
Scrolls
 k - a scroll of identify {@r1}
Potions
 a - a potion of haste {unknown}
 e - 3 potions of might
 f - 2 potions of resistance {unknown}
 i - a potion of agility
 l - a potion of heal wounds {unknown}
 o - a potion of berserk rage {unknown}
Comestibles
 d - 5 rations
 h - 17 chunks of flesh

Dungeon Overview and Level Annotations

Branches:
Dungeon (4/15)
 Temple: D:4-7

Altars:
Fedhas
Okawaru
Qazlal
Trog

▒ ▒ ▒▒ ▒.. ▒.▒
▒.▒ ▒ ▒.▒ ▒.▒ ▒.▒
..▒
▒.▒▒▒▒▒▒▒.▒▒▒▒▒.▒
▒▒▒
▒......8O.......▒
▒..▒▒▒▒▒▒..▒▒▒▒▒
▒▒▒..▒ ▒.(..▒
▒.▒..▒ ▒.▒..▒
▒.▒.... ..▒▒.▒▒▒
..▒ .▒


You could see an ogre.


Message History

The stone hits you but does no damage.
The orc zaps a wand.
The bolt of acid hits you! You resist.
* * * LOW HITPOINT WARNING * * *
You are splashed with acid!
The acid burns!
You resist.
* * * LOW HITPOINT WARNING * * *
It is a wand of acid (6).
You see here a quokka corpse.
Cast which spell? (? or * to list)
Aiming: Sandblast (safe; 1% risk of failure)
Press: ? - help, Shift-Dir - straight line, f - orc
Aim: an orc, wielding a dagger (unusually agile)
The blast of sand hits the orc.
You kill the orc!
b - 116 stones Cast which spell? (? or * to list)
Aiming: Sandblast (safe; 1% risk of failure)
Press: ? - help, Shift-Dir - straight line, f - ogre, p - orc
Aim: an ogre, wielding a giant club The blast of sand hits the orc.
You kill the orc!
b - 115 stones
Okay, then.
You feel agile all of a sudden. The ogre hits you with a giant club!!
Ouch! That really hurt!
You die...

Action                   |  1- 3 |  4- 6 || total
-------------------------+-------+-------++-------
Melee: Dagger            |    44 |    83 ||   127
 Cast: Sandblast         |    30 |    23 ||    53
       Stone Arrow       |       |     1 ||     1
  Use: Scroll            |     4 |       ||     4
       Potion            |       |     1 ||     1
 Stab: Sleeping          |     1 |     1 ||     2
  Eat: Chunk             |     2 |     3 ||     5
Armor: Robe              |    19 |    14 ||    33
Dodge: Dodged            |    17 |    59 ||    76

Vault maps used:
D:1:      enne_arrival_octagon_isle
D:2:      amethyst_overflow_temple_binary,
          grunt_temple_overflow_forces_of_nature, first_ration, fedhas_altar_2
D:3:      cheibrodos_pilgrimage, skrybe_limestone_x, minmay_stone_trees_small,
          uniq_grinder, uniq_robin

Notes
Turn   | Place    | Note
-------+----------+-------------------------------------------
     0 | D:1      | HaroldButt the Gargoyle Earth Elementalist began the quest for the Orb.
     0 | D:1      | Reached XP level 1. HP: 10/10 MP: 3/3
    92 | D:1      | Reached skill level 4 in Earth Magic
   145 | D:1      | Reached XP level 2. HP: 15/15 MP: 1/5
   328 | D:1      | Learned a level 2 spell: Passwall
   946 | D:2      | Reached XP level 3. HP: 19/19 MP: 6/6
   952 | D:2      | Reached skill level 5 in Earth Magic
  1253 | D:2      | Found a blossoming altar of Fedhas.
  1260 | D:2      | Found a stormy altar of Qazlal.
  1294 | D:2      | Reached XP level 4. HP: 23/24 MP: 7/7
  1307 | D:2      | Learned a level 3 spell: Stone Arrow
  1394 | D:2      | Found a blossoming altar of Fedhas.
  1631 | D:2      | Reached skill level 6 in Earth Magic
  1736 | D:2      | Found an iron altar of Okawaru.
  1736 | D:2      | Found a bloodstained altar of Trog.
  1812 | D:3      | Noticed Robin
  1838 | D:3      | Killed Robin
  2070 | D:4      | Reached XP level 5. HP: 28/28 MP: 5/8
  2092 | D:4      | Noticed an ogre
  2129 | D:4      | Reached skill level 7 in Earth Magic
  2138 | D:4      | Killed an ogre
  2138 | D:4      | Reached XP level 6. HP: 27/32 MP: 3/9
  2151 | D:4      | Reached skill level 8 in Earth Magic
  2153 | D:4      | Reached skill level 1 in Conjurations
  2169 | D:4      | Reached skill level 2 in Conjurations
  2275 | D:4      | Demolished by an ogre

Vanquished Creatures
  An ogre (D:4)
  3 orc priests (D:4)
  3 worker ants (D:4)
  Robin (D:3)
  5 adders
  An ooze (D:2)
  An adder skeleton (D:4)
  A worm (D:2)
  A dart slug (D:2)
  3 leopard geckos (D:1)
  5 orcs (D:4)
  2 ball pythons
  9 goblins
  13 hobgoblins
  4 jackals (D:2)
  8 kobolds
  A quokka (D:4)
  4 frilled lizards (D:2)
  6 rats
72 creatures vanquished.
